 Dungeon Crawl Stone Soup version 0.23-a0-338-g8ff0b24 (webtiles) character file.

135942 tilp the Impaler (level 17, -4/128 HPs)
             Began as a Merfolk Ice Elementalist on Oct 17, 2018.
             Was the Champion of Makhleb.
             Slain by a very large slime creature (26 damage)
             ... on level 14 of the Dungeon on Oct 18, 2018.
             The game lasted 02:34:21 (36771 turns).

tilp the Impaler (Merfolk Ice Elementalist)        Turns: 36771, Time: 02:34:22

Health: -4/128     AC: 22    Str: 15    XL:     17   Next: 20%
Magic:  22/29      EV: 20    Int: 24    God:    Makhleb [******]
Gold:   927        SH:  0    Dex: 20    Spells: 16/32 levels left

rFire    + . .     SeeInvis .   a - +10 glaive "Rusut" {speed, Dex+3}
rCold    + . .     Gourm    .   (shield currently unavailable)
rNeg     . . .     Faith    .   Y - +2 robe {rC+ rF+}
rPois    +         Spirit   .   g - +2 helmet
rElec    .         Reflect  .   (no cloak)
rCorr    .         Harm     .   X - +2 pair of gloves {Str+3}
MR       +....                  m - +2 pair of boots
Stlth    ++........             A - amulet of the acrobat
HPRegen  0.31/turn              I - ring "Xushi" {rPois Str+3 Dex+2}
MPRegen  0.21/turn              u - +4 ring of intelligence

@: icy armour
A: change form in water, swift swim, stealthy swim
a: Minor Destruction, Lesser Servant of Makhleb, Major Destruction, Greater
Servant of Makhleb, Renounce Religion


You were on level 14 of the Dungeon.
You worshipped Makhleb.
Makhleb was exalted by your worship.
You were hungry.

You visited 4 branches of the dungeon, and saw 24 of its levels.
You also visited: Labyrinth, Sewer, Bailey and Ice Cave.

You collected 2888 gold pieces.
You spent 1961 gold pieces at shops.

Inventory:

Hand Weapons
 a - the +10 glaive "Rusut" (weapon) {speed, Dex+3}
   (You acquired it on level 11 of the Dungeon)

   Attacks with this weapon are significantly faster.
   It affects your dexterity (+3).
 b - a +2 scimitar of flaming
 V - a +1 vampiric glaive
Missiles
 G - 6 silver javelins
 J - 32 tomahawks (quivered)
Armour
 g - a +2 helmet (worn)
 i - +0 acid dragon scales
 m - a +2 pair of boots (worn)
 t - the -2 hat of the Alchemist {rElec rPois rF+ rC+ rN+ MR+ rMut rCorr}
   (You found it on level 6 of the Lair of Beasts)

   It protects you from fire.
   It protects you from cold.
   It insulates you from electricity.
   It protects you from poison.
   It protects you from negative energy.
   It affects your resistance to hostile enchantments.
   It provides partial protection from all sources of acid and corrosion.
   It protects you from mutation.
 X - a +2 pair of gloves of strength (worn)
 Y - a +2 robe of resistance (worn)
Jewellery
 f - an uncursed ring of ice
 q - an uncursed ring of protection from magic
 r - an uncursed ring of protection from fire
 u - a +4 ring of intelligence (right hand)
 A - an amulet of the acrobat (around neck)
 I - the ring "Xushi" (left hand) {rPois Str+3 Dex+2}
   (You found it in an ice cave)

   [ring of dexterity]

   It affects your strength (+3).
   It affects your dexterity (+2).
   It protects you from poison.
 K - a +3 ring of protection
Wands
 k - a wand of iceblast (9)
 p - a wand of paralysis (20)
 w - a wand of disintegration (7)
 M - a wand of enslavement (18)
 N - a wand of acid (39)
Scrolls
 d - 6 scrolls of teleportation
 e - 3 scrolls of blinking
 n - a scroll of brand weapon
 C - 5 scrolls of enchant weapon
 D - 2 scrolls of fog
 H - 4 scrolls of remove curse
 L - 3 scrolls of magic mapping
 O - a scroll of amnesia
 Q - 2 scrolls of enchant armour
 S - a scroll of fear
 W - 4 scrolls of identify
Potions
 h - 5 potions of heal wounds
 j - 4 potions of brilliance
 o - 20 potions of curing
 s - 2 potions of cancellation
 v - 6 potions of flight
 B - 3 potions of lignification
 E - 4 potions of haste
 F - a potion of mutation
 P - a potion of berserk rage
 T - a potion of might
 U - 2 potions of agility
 Z - a potion of ambrosia
Miscellaneous
 R - a fan of gales
Comestibles
 c - 23 rations
 y - 11 chunks of flesh


   Skills:
 - Level 10.0 Fighting
 - Level 20.0 Polearms
 - Level 10.0 Dodging
 - Level 2.1 Stealth
 + Level 8.0 Spellcasting
 + Level 4.1 Conjurations
 + Level 6.0 Charms
 + Level 2.0 Translocations
 - Level 19.0 Ice Magic
 + Level 8.0 Invocations
 + Level 8.0 Evocations


You had 16 spell levels left.
You knew the following spells:

 Your Spells              Type           Power        Failure   Level  Hunger
a - Freeze                Ice            ####         0%          1    None
b - Throw Frost           Conj/Ice       ######       1%          2    None
c - Ozocubu's Armour      Chrm/Ice       ######..     1%          3    None
d - Throw Icicle          Conj/Ice       ######..     1%          4    ##.....
e - Conjure Flame         Conj/Fire      ###.....     9%          3    None
f - Blink                 Tloc           N/A          4%          2    None
g - Apportation           Tloc           ###...       2%          1    None

Your spell library contained the following spells:

 Spells                   Type           Power        Failure   Level  Hunger
 Magic Dart               Conj           ####         1%          1    None
 Searing Ray              Conj           ####..       1%          2    None
 Summon Ice Beast         Ice/Summ       ######..     1%          4    ##.....
 Flame Tongue             Conj/Fire      ###..        2%          1    None
 Sting                    Conj/Pois      ###.         2%          1    None
 Throw Flame              Conj/Fire      ###...       4%          2    None
 Animate Skeleton         Necr           N/A          6%          1    None
 Confusing Touch          Hex            #.....       6%          1    None
 Summon Small Mammal      Summ           #...         6%          1    None
 Dazzling Spray           Conj/Hex       ###...       9%          3    None
 Call Imp                 Summ           #.......     10%         2    None
 Poisonous Vapours        Pois/Air       #.....       10%         2    None
 Slow                     Hex            #.......     10%         2    None
 Mephitic Cloud           Conj/Pois/Air  ###.....     11%         3    None
 Iskenderun's Mystic Bla  Conj           ####....     12%         4    ##.....
 Call Canine Familiar     Summ           #.......     19%         3    None
 Inner Flame              Hex/Fire       #.......     19%         3    None
 Summon Guardian Golem    Hex/Summ       #.......     19%         3    None
 Force Lance              Conj/Tloc      ###.....     19%         4    ##.....
 Iskenderun's Battlesphe  Conj/Chrm      ####....     22%         5    #####..
 Fulminant Prism          Conj/Hex       ###.......   28%         4    ##.....
 Sticky Flame             Conj/Fire      ###.....     28%         4    ##.....
 Olgreb's Toxic Radiance  Pois           #.......     54%         4    ##.....
 Summon Lightning Spire   Summ/Air       #.......     54%         4    ##.....
 Fireball                 Conj/Fire      ###.......   61%         5    #####..
 Venom Bolt               Conj/Pois      ###.......   61%         5    #####..
 Bolt of Magma            Conj/Fire/Erth ###.......   71%         5    #####..
 Iron Shot                Conj/Erth      ###.......   99%         6    ######.
 Orb of Destruction       Conj           ####......   100%        7    #######
 Spellforged Servitor     Conj/Summ      ###.......   100%        7    #######


Dungeon Overview and Level Annotations

Branches:
Dungeon (15/15)            Temple (1/1) D:7            Lair (6/6) D:11
 Shoals (0/4) Lair:3       Spider (0/4) Lair:3        Slime (0/5) Lair:6
    Orc (2/2) D:11         Vaults (0/5) D:13
    Elf: Orc:2       Depths: D:15

Altars:
Ashenzari
Cheibriados
Dithmenos
Elyvilon
Fedhas
Gozag
Hepliaklqana
Kikubaaqudgha
Makhleb
Nemelex Xobeh
Okawaru
Qazlal
Ru
Sif Muna
Trog
Uskayaw
Vehumet
Wu Jian
Xom
Yredelemnul
Zin
The Shining One
Beogh
Jiyva

Shops:
D:6 *   D:8 }   D:10 :   D:11 (   Orc:2 :[}!

Annotations:
D:9 3 runed doors, epen's ghost, novice GnAs
D:11 3 runed doors, inmateoo's ghost, journeyman GnFi
D:12 3 runed doors, Tovarisch's ghost, journeyman VSSk
Lair:1 exclusion: 3 oklob plants
Lair:2 1 runed door, Bodrick's ghost, journeyman GrBe
Lair:3 exclusions: downstairs, jumping spider and redback


Message History

The very large slime creature hits you!!!
* * * LOW HITPOINT WARNING * * *
You slice the very large slime creature!!
The very large slime creature is heavily wounded.
You slash the very large slime creature!
The very large slime creature is heavily wounded.
Unknown command.
You slice the very large slime creature!!
The very large slime creature is severely wounded.
The very large slime creature is engulfed in blazing flames.
The very large slime creature barely misses you.
Unknown command.
You slice the very large slime creature!!
The very large slime creature is almost dead.
Unknown command.
You hit the very large slime creature but do no damage.
The very large slime creature is almost dead.
The very large slime creature is engulfed in blazing flames.
The very large slime creature hits you!!
You die...

.########.##..##### #.....) .#
#.##..# ####### .########.##..#
..รท.......##..#
.###########..# .# #..# .# #..#
.## #..########### ..#
#..oJ@.......# ..###
##.#########.# ....# #.# #.#
....# #.###### #.# ##### ....#
#......# #.# #....
..################.# #.## #.###
.............# #.# ##..####.#
..##########.#####.###.....##.#
..# #..............##.....##.##


You could see a very large slime creature and an orc warrior.

Vanquished Creatures
  Saint Roka (Orc:2)
  An orc warlord (Orc:2)
  A minotaur (Lab)
  Josephine (Orc:1)
  Harold (D:7)
  2 ice dragons (IceCv)
  Erolcha (Orc:1)
  5 hydras
  A centaur warrior (D:13)
  3 death knights
  9 two-headed ogres
  Urug (Lair:3)
  4 orc high priests (Orc:2)
  Sonja (Lair:5)
  3 skeletal warriors (D:12)
  2 unseen horrors
  A phantasmal warrior (D:12)
  The ghost of CLM the Changer, a novice VSTm of Wu Jian (D:8)
  2 ugly things (D:13)
  7 orc knights
  6 orc sorcerers (Orc:2)
  2 manticores
  2 cyclopes (D:14)
  6 black mambas
  3 elephants (Lair:6)
  The ghost of namelastname112 the Twirler, a novice DrWn of Kikubaaqudgha (D:4)
  2 ice statues (IceCv)
  2 gargoyles
  A torpor snail (Lair:6)
  12 spiny frogs
  5 centaur skeletons
  A minotaur zombie (Lab)
  Psyche (D:11)
  3 kobold demonologists
  3 rime drakes
  The ghost of heinrich the Digger, a novice OpEE of Dithmenos (D:4)
  2 freezing wraiths (D:12)
  7 komodo dragons
  A minotaur skeleton (Lab)
  9 trolls
  8 polar bears
  9 hornets
  Grinder (D:4)
  6 slime creatures
  25 blink frogs
  The ghost of Soeti the Ducker, an amateur OpFi (D:4)
  5 hippogriffs
  A meliai zombie (D:11)
  A dream sheep (Lair:6)
  Prince Ribbit (D:9)
  15 spriggans (Lair:6)
  A redback (Lair:3)
  A shadow (D:14)
  10 wraiths
  4 wyverns
  32 yaks
  3 hungry ghosts
  4 vampire mosquitoes
  3 basilisks
  11 wargs
  The ghost of iamserjio the Digger, an amateur DEEE of Vehumet (D:4)
  9 water moccasins
  An acid dragon (D:14)
  6 porcupines
  29 ice beasts
  2 sky beasts
  An eye of draining (D:11)
  54 orc warriors
  3 phantoms
  7 black bears
  17 ogres
  3 boggarts (Lair:6)
  10 centaurs
  22 wolves
  12 crocodiles
  The ghost of Ijustatesigmund the Magician, an amateur OpWz of Cheibriados (D:4)
  4 big kobolds
  15 bullfrogs
  A wyvern zombie (D:9)
  2 scorpions
  13 killer bees
  A scorpion (shapeshifter) (D:13)
  10 wights
  9 howler monkeys
  6 electric eels (D:11)
  7 crimson imps
  A bullfrog zombie (D:11)
  25 orc priests
  2 quasits
  7 centaur zombies
  10 hounds
  5 jellies
  A gnoll shaman (D:4)
  17 orc wizards
  A bullfrog skeleton (D:14)
  7 iguanas
  16 worker ants
  A hound zombie (D:6)
  2 howler monkey zombies
  Robin (D:3)
  14 gnolls
  A river rat (Sewer)
  8 adders
  6 shadow imps
  2 oozes
  2 adder zombies (D:6)
  2 worms
  4 dart slugs
  9 leopard geckos
  150 orcs
  7 bats
  8 giant cockroaches
  19 hobgoblins
  5 jackals
  5 quokkas
  A ball python (D:5)
  4 frilled lizards
  22 goblins
  17 kobolds
  A leopard gecko zombie (D:5)
  A quokka skeleton (D:7)
  8 rats
898 creatures vanquished.

Vanquished Creatures (collateral kills)
  Snorg (Lair:5)
  Fannar (Lair:3)
  Erica (Lair:1)
  A two-headed ogre (D:10)
  An orc sorcerer (Orc:2)
  A cyclops (D:11)
  A spiny frog (Lair:6)
  A dream sheep (Lair:6)
  2 basilisks (D:11)
  2 orc warriors (Orc:2)
  An orc priest (Orc:2)
  5 orcs (Orc:2)
18 creatures vanquished.

Vanquished Creatures (others)
  An orc priest (Orc:2)
  2 orcs (D:11)
  6 fungi
  7 plants
  A withered plant (D:8)
17 creatures vanquished.

Grand Total: 933 creatures vanquished

Notes
Turn   | Place    | Note
-------+----------+-------------------------------------------
     0 | D:1      | tilp the Merfolk Ice Elementalist began the quest for the
                  | Orb.
     0 | D:1      | Reached XP level 1. HP: 13/13 MP: 3/3
   408 | D:1      | Reached XP level 2. HP: 12/19 MP: 0/5
   625 | D:1      | Learned a level 2 spell: Throw Frost
  1197 | D:1      | Reached XP level 3. HP: 24/24 MP: 2/6
  1202 | D:1      | Learned a level 3 spell: Ozocubu's Armour
  1567 | D:2      | Found an iron altar of Okawaru.
  1685 | D:2      | Reached skill level 5 in Ice Magic
  1766 | D:2      | Reached XP level 4. HP: 26/30 MP: 2/7
  1944 | D:2      | Found an ornate altar of the Wu Jian Council.
  2197 | D:2      | Found a shimmering altar of Xom.
  2610 | D:3      | Noticed Robin
  2746 | D:3      | Killed Robin
  2992 | D:3      | Reached XP level 5. HP: 33/35 MP: 4/8
  3083 | D:3      | Reached skill level 1 in Polearms
  3559 | D:4      | Found a runed gate.
  3559 | D:4      | Found a runed gate.
  3559 | D:4      | Found a runed gate.
  3559 | D:4      | Noticed iamserjio's ghost (amateur DEEE)
  3560 | D:4      | Noticed Soeti's ghost (amateur OpFi)
  3567 | D:4      | Reached skill level 1 in Fighting
  3567 | D:4      | Reached skill level 2 in Polearms
  3568 | D:4      | Noticed heinrich's ghost (novice OpEE)
  3571 | D:4      | Noticed Ijustatesigmund's ghost (amateur OpWz)
  3571 | D:4      | Noticed namelastname112's ghost (novice DrWn)
  3659 | D:4      | Reached skill level 3 in Polearms
  3659 | D:4      | Reached XP level 6. HP: 43/43 MP: 2/9
  3745 | D:4      | Noticed Grinder
  3903 | D:4      | Reached skill level 4 in Polearms
  4117 | D:4      | Found a stormy altar of Qazlal.
  4120 | D:4      | Noticed a fire elemental
  4120 | D:4      | Noticed an air elemental
  4120 | D:4      | Noticed a water elemental
  4136 | D:4      | Reached skill level 5 in Polearms
  4136 | D:4      | Reached XP level 7. HP: 27/51 MP: 0/10
  4782 | D:4      | Paralysed by Grinder for 5 turns
  4880 | D:5      | Entered Level 5 of the Dungeon
  4978 | D:5      | Found a white marble altar of Elyvilon.
  5045 | D:5      | Reached skill level 6 in Polearms
  5394 | D:5      | Reached skill level 5 in Dodging
  5558 | D:5      | Reached skill level 7 in Polearms
  5562 | D:5      | Found an opulent altar of Gozag.
  5779 | D:5      | Reached XP level 8. HP: 38/60 MP: 9/11
  5857 | D:5      | Found a snail-covered altar of Cheibriados.
  6093 | D:6      | Found Vaumm's Assorted Antiques.
  6176 | D:6      | Reached skill level 8 in Polearms
  6199 | D:6      | Found a glowing drain.
  6232 | Sewer    | Entered a sewer
  6509 | Sewer    | Reached skill level 9 in Polearms
  6587 | Sewer    | Found a glowing silver altar of Zin.
  6689 | D:6      | Reached skill level 10 in Polearms
  6963 | D:6      | Reached skill level 11 in Polearms
  7050 | D:6      | Bought a tiny amethyst amulet for 140 gold pieces
  7144 | D:6      | Reached XP level 9. HP: 65/65 MP: 10/12
  7274 | D:6      | Reached skill level 12 in Polearms
  7690 | D:6      | Reached skill level 13 in Polearms
  7862 | D:7      | Noticed Harold
  8120 | D:7      | Found a radiant altar of Vehumet.
  8452 | D:8      | Reached skill level 14 in Polearms
  8639 | D:7      | Reached skill level 1 in Conjurations
  8639 | D:7      | Reached skill level 1 in Charms
  8639 | D:7      | Reached skill level 1 in Evocations
  8974 | D:7      | Killed Harold
  8974 | D:7      | Reached XP level 10. HP: 36/71 MP: 1/14
  9212 | D:7      | Found a staircase to the Ecumenical Temple.
  9229 | Temple   | Entered the Ecumenical Temple
  9268 | Temple   | Became a worshipper of Makhleb the Destroyer
  9436 | D:7      | Got an ancient war axe
 10283 | D:8      | Found a runed door.
 10283 | D:8      | Noticed CLM's ghost (novice VSTm)
 10454 | D:8      | Found Eblylok's Gadget Emporium.
 10473 | D:8      | Learned a level 4 spell: Throw Icicle
 10477 | D:8      | Learned a level 3 spell: Conjure Flame
 10480 | D:8      | Learned a level 2 spell: Blink
 10732 | D:9      | Found a runed gate.
 10732 | D:9      | Found a runed gate.
 10732 | D:9      | Found a runed gate.
 10732 | D:9      | Noticed epen's ghost (novice GnAs)
 10818 | D:9      | Reached skill level 5 in Spellcasting
 10821 | D:9      | Reached * piety under Makhleb
 11464 | D:9      | Found a hazy altar of Hepliaklqana.
 11551 | D:9      | Reached skill level 5 in Fighting
 11969 | D:9      | Noticed Prince Ribbit
 12024 | D:9      | Killed Prince Ribbit
 12181 | D:10     | Entered Level 10 of the Dungeon
 12203 | D:10     | Found a roughly hewn altar of Beogh.
 12238 | D:10     | Reached XP level 11. HP: 59/83 MP: 2/20
 12465 | D:9      | Reached ** piety under Makhleb
 13335 | D:10     | Noticed a two-headed ogre
 13397 | D:10     | Noticed a two-headed ogre
 13423 | D:10     | Killed a two-headed ogre
 13428 | D:10     | Killed an unseen horror
 13724 | D:10     | Reached *** piety under Makhleb
 13782 | D:10     | Paralysed by a hornet for 3 turns
 14152 | D:10     | Found Boral's Book Shoppe.
 14153 | D:10     | Upgraded the game from 0.23-a0-335-gba3dfdf to
                  | 0.23-a0-338-g8ff0b24
 14184 | D:10     | Identified the +7 war axe of Pimam {protect, rElec rN+}
                  | (You found it on level 7 of the Dungeon)
 14216 | D:10     | Killed a two-headed ogre
 15115 | D:11     | Noticed Psyche
 15180 | D:11     | Found Xiucaf's Weapon Emporium.
 15295 | D:11     | Noticed a two-headed ogre
 15758 | D:10     | Killed a two-headed ogre
 15970 | D:10     | Reached skill level 15 in Polearms
 16415 | D:11     | Found a staircase to the Orcish Mines.
 16426 | D:11     | Noticed a cyclops
 16895 | D:11     | Noticed a death knight
 16929 | D:11     | Killed a death knight
 17170 | D:11     | Reached XP level 12. HP: 86/96 MP: 15/21
 17392 | D:11     | Found a staircase to the Lair.
 17680 | D:11     | Found a runed gate.
 17682 | D:11     | Noticed inmateoo's ghost (journeyman GnFi)
 17684 | D:11     | Found a runed gate.
 17684 | D:11     | Found a runed gate.
 18144 | D:11     | Identified a scroll of acquirement
 18145 | D:11     | Got a bone glaive
 18150 | Lair:1   | Entered Level 1 of the Lair of Beasts
 18183 | Lair:1   | Reached skill level 16 in Polearms
 18683 | Lair:1   | Found a dark tunnel.
 18742 | Lair:1   | Learned a level 1 spell: Apportation
 18771 | Lair:1   | Identified the +10 glaive "Rusut" {speed, Dex+3} (You
                  | acquired it on level 11 of the Dungeon)
 18836 | Lair:1   | Noticed Erica
 19090 | Lair:1   | Reached skill level 10 in Fighting
 19689 | Lair:2   | Reached skill level 1 in Invocations
 19712 | Lair:2   | Reached skill level 10 in Dodging
 19877 | Lair:2   | Reached skill level 17 in Polearms
 20032 | Lair:2   | Found a runed door.
 20063 | Lair:2   | Noticed Bodrick's ghost (journeyman GrBe)
 20869 | Lair:3   | Found a labyrinth entrance.
 20877 | Lab      | Entered a labyrinth
 21271 | Lab      | Noticed a minotaur
 21281 | Lab      | Killed a minotaur
 21373 | Lair:3   | Reached **** piety under Makhleb
 21386 | Lair:3   | Reached XP level 13. HP: 90/103 MP: 17/24
 21576 | Lair:3   | Found a hole to the Spider Nest.
 21631 | Lair:3   | Reached skill level 18 in Polearms
 21876 | Lair:3   | Found a staircase to the Shoals.
 22043 | Lair:3   | Noticed Fannar
 22122 | Lair:3   | Noticed Urug
 22141 | Lair:3   | Killed Urug
 22141 | Lair:3   | Reached skill level 5 in Invocations
 22158 | Lair:3   | Killed Fannar
 22697 | D:4      | Killed Grinder
 22719 | D:4      | Killed heinrich's ghost
 22721 | D:4      | Killed Soeti's ghost
 22723 | D:4      | Killed iamserjio's ghost
 22735 | D:4      | Killed Ijustatesigmund's ghost
 22743 | D:4      | Killed namelastname112's ghost
 22935 | D:8      | Killed CLM's ghost
 23308 | D:11     | Killed Psyche
 23412 | Lair:1   | Killed Erica
 23606 | Lair:4   | Reached skill level 19 in Polearms
 24225 | Lair:4   | Identified the +8 battleaxe "Byg Guni" {chop, rElec} (You
                  | found it on level 4 of the Lair of Beasts)
 24500 | Lair:5   | Noticed Snorg
 24519 | Lair:5   | Killed Snorg
 24544 | Lair:5   | Noticed Sonja
 24873 | Lair:5   | Killed Sonja
 24938 | Lair:5   | Reached skill level 20 in Polearms
 25195 | Lair:6   | Entered Level 6 of the Lair of Beasts
 25243 | Lair:6   | Reached skill level 1 in Translocations
 25268 | Lair:6   | Found the -2 hat of the Alchemist {rElec rPois rF+ rC+ rN+
                  | MR+ rMut rCorr}
 25286 | Lair:6   | Found a viscous altar of Jiyva.
 25286 | Lair:6   | Found a staircase to the Slime Pits.
 25663 | Lair:6   | Reached XP level 14. HP: 110/110 MP: 10/26
 26161 | Lair:6   | Got a polished trident
 26501 | Lair:6   | Reached skill level 10 in Ice Magic
 26674 | Lair:6   | Paralysed by a hornet for 2 turns
 27108 | Orc:1    | Entered Level 1 of the Orcish Mines
 27195 | Orc:1    | Reached ***** piety under Makhleb
 27407 | Orc:1    | Reached skill level 5 in Charms
 27422 | Orc:1    | Noticed Erolcha
 27429 | Orc:1    | Killed Erolcha
 27484 | Orc:1    | Found a burning altar of Makhleb.
 27843 | Orc:1    | Identified the cursed +1 trident of Aweamato {pierce, rF+
                  | Str-5 SInv} (You found it on level 6 of the Lair of Beasts)
 27902 | Orc:2    | Entered Level 2 of the Orcish Mines
 27976 | Orc:2    | Noticed Josephine
 28290 | Orc:1    | Killed Josephine
 28290 | Orc:1    | Reached skill level 5 in Evocations
 28809 | Orc:2    | Noticed Saint Roka
 29248 | Orc:2    | Killed Saint Roka
 29488 | Orc:2    | Found a roughly hewn altar of Beogh.
 29676 | Orc:2    | Found Noinaja's Distillery.
 29686 | Orc:2    | Found Gijuig's Gadget Shoppe.
 29745 | Orc:2    | Reached XP level 15. HP: 105/115 MP: 22/27
 30387 | Orc:2    | Found the +6 lightning scales {run, rElec}
 30600 | Orc:2    | Found a roughly hewn altar of Beogh.
 30600 | Orc:2    | Noticed an orc warlord
 30639 | Orc:2    | Killed an orc warlord
 30988 | Orc:2    | Found Zakap's Antique Armour Boutique.
 31149 | Orc:2    | Reached ****** piety under Makhleb
 31236 | Orc:2    | Found Neockol's Book Emporium.
 31612 | Orc:2    | Bought a smoking robe for 165 gold pieces
 31612 | Orc:2    | Identified the +2 robe of the Cockatrice {-Cast +Blink rN++
                  | Dex+2} (You bought it in a shop on level 2 of the Orcish
                  | Mines)
 31943 | D:10     | Bought a manual of Ice Magic for 1656 gold pieces
 32913 | D:12     | Found a runed gate.
 32913 | D:12     | Found a runed gate.
 32913 | D:12     | Found a runed gate.
 32914 | D:12     | Noticed Tovarisch's ghost (journeyman VSSk)
 33571 | D:13     | Found a gate to the Vaults.
 33968 | D:13     | Reached skill level 15 in Ice Magic
 34321 | D:14     | Found a frozen archway.
 34344 | D:14     | Found a flagged portal.
 34370 | Bailey   | Entered a bailey
 34404 | Bailey   | Found an iron altar of Okawaru.
 34917 | IceCv    | Entered an ice cave
 35563 | IceCv    | Identified the ring "Xushi" {rPois Str+3 Dex+2} (You found
                  | it in an ice cave)
 35766 | IceCv    | Reached XP level 16. HP: 122/122 MP: 28/28
 35849 | D:14     | Found a stormy altar of Qazlal.
 35933 | D:14     | Reached XP level 17. HP: 128/128 MP: 27/29
 36654 | D:15     | Entered Level 15 of the Dungeon
 36771 | D:14     | Slain by a very large slime creature

Vault maps used:
D:1:      giann_horns, serial_forest, infiniplex_forest_clump_medium,
          infiniplex_forest_straight_1, infiniplex_forest_pool,
          infiniplex_forest_end_2, infiniplex_forest_clump_small,
          infiniplex_forest_clump_C, infiniplex_forest_lined_2,
          infiniplex_forest_end_3, st_stairs_3, kennysheep_doodads,
          minmay_tromino_mix6
D:2:      nicolae_overflow_crystal_walls, okawaru_trees_2,
          lemuel_coloured_pillars_altar, minmay_tripent
D:3:      dk_vineyard_3, uniq_robin
D:4:      nicolae_qazlal_style_of_elements, gammafunk_ghost_cemetery,
          uniq_grinder
D:5:      nicolae_overflow_hidden_temple, kennysheep_mini_moat,
          kennysheep_slug_shrine, first_ration
D:6:      serial_shops, shop, gup_sewer_entry_glass
D:7:      kb_forest_paths, lemuel_crystal_altar,
          minmay_temple_entry_purple_smoke, uniq_harold
D:8:      serial_shops, shop, gammafunk_ghost_grave
D:9:      lemuel_crystal_altar, gammafunk_ghost_spectres, uniq_prince_ribbit1
D:10:     serial_shops, shop, kennysheep_cross_bottleneck
D:11:     david_lair_generic, orc_0_dummy, gammafunk_ghost_nasty_kobolds,
          serial_shops, shop, uniq_psyche
D:12:     ebering_ghost_rock_garden
D:13:     david_vaults_4
D:14:     enter_bailey_7, lemuel_statue_altar, portal_ice_cave_entry_ice_beasts
D:15:     grunt_enter_depths_snipers, grunt_decor_mini_mirrors, serial_shops,
          nicolae_shop_window_shopping, nicolae_shop_stone,
          nicolae_shop_competitors_out_of_business, shop, serial_bayou_lake_a
Temple:   nicolae_temple_god_jail
Lair:1:   nicolae_volcano_entry_lava_flow, serial_bayou_pond_b,
          minmay_lair_oklob_chamber, uniq_erica
Lair:2:   ebering_ghost_inner_flame, chequers_serial_rivers_small_b
Lair:3:   minmay_shoals_entry_beasts, spider_nest_entry_a, lab_entry_generic,
          uniq_fannar, uniq_urug
Lair:4:   gammafunk_lair_bear_cave
Lair:5:   chequers_serial_rivers_micro_c, uniq_sonja, uniq_snorg
Lair:6:   minmay_lair_end_enchanted_forest, slime_altar_1
Orc:1:    serial_shops, bloody_makhleb, uniq_erolcha
Orc:2:    pubby_orc_utopia, uniq_josephine, uniq_saint_roka
Lab:      labyrinth_hidden_loot, nicolae_lab_grate, labyrinth_skeletal_remains,
          labyrinth_glass_1, nicolae_lab_grate_2, lab_fountain,
          labyrinth_fake_exit, nicolae_lab_very_dead_end
Sewer:    sewer_kobolds
Bailey:   bailey_axe_of_yendor_kennysheep, bailey
IceCv:    ice_cave_small_dragons

Skill      XL: |  1  2  3  4  5  6  7  8  9 10 11 12 13 14 15 16 17 |
---------------+----------------------------------------------------+-----
Ice Magic      | 4 5 6 7 11 18 19 | 19.0
Polearms       | 3 5 7 11 14 15 17 20 | 20.0
Dodging        | 3 4 5 6 9 10 | 10.0
Fighting       | 1 2 3 4 6 9 10 | 10.0
Conjurations   | 2 4 |  4.1
Charms         | 2 4 6 |  6.0
Evocations     | 2 4 6 8 |  8.0
Spellcasting   | 3 6 7 8 |  8.0
Invocations    | 4 6 7 8 |  8.0
Translocations | 2 |  2.0
Stealth        | |  2.1

Action                   |  1- 3 |  4- 6 |  7- 9 | 10-12 | 13-15 | 16-18 || total
-------------------------+-------+-------+-------+-------+-------+-------++-------
Melee: Spear             |    20 |   139 |   438 |       |       |       ||   597
       Tailslap          |       |       |     1 |     1 |       |       ||     2
       Trident           |       |       |   146 |   721 |       |       ||   867
       Halberd           |       |       |       |   137 |       |       ||   137
       War axe           |       |       |       |     5 |       |       ||     5
       Glaive            |       |       |       |   156 |  1621 |   192 ||  1969
       Scimitar          |       |       |       |       |    10 |    11 ||    21
Throw: Stone             |     1 |     2 |     7 |     1 |       |       ||    11
       Javelin           |       |       |       |     3 |       |       ||     3
       Tomahawk          |       |       |       |       |     6 |     2 ||     8
 Cast: Freeze            |    47 |    45 |   115 |   189 |     4 |     1 ||   401
       Ozocubu's Armour  |     1 |     5 |    20 |    72 |   111 |    10 ||   219
       Throw Frost       |     1 |     3 |     4 |    35 |    39 |       ||    82
       Throw Icicle      |       |       |       |    23 |    22 |     3 ||    48
       Conjure Flame     |       |       |       |     8 |    10 |     5 ||    23
       Apportation       |       |       |       |     6 |     3 |       ||     9
       Blink             |       |       |       |       |     1 |       ||     1
Invok: Lesser Servant of |       |       |       |     8 |    18 |       ||    26
Evoke: Wand              |       |       |       |       |     3 |       ||     3
  Use: Scroll            |       |    10 |     7 |    15 |    18 |       ||    50
       Potion            |       |       |     4 |     2 |     5 |       ||    11
 Stab: Sleeping          |     2 |     6 |     2 |     6 |    10 |       ||    26
       Distracted        |       |       |       |     2 |    11 |     1 ||    14
       Invisible         |       |       |       |     1 |     3 |       ||     4
       Paralysed         |       |       |       |       |     2 |       ||     2
  Eat: Chunk             |     4 |     9 |    18 |    33 |    40 |     3 ||   107
       Ration            |       |       |     1 |     5 |     2 |       ||     8
Armor: Robe              |     3 |    47 |   120 |   200 |   168 |    40 ||   578
       Leather armour    |       |       |       |     1 |     8 |       ||     9
Dodge: Dodged            |    34 |   107 |   283 |   674 |   752 |   155 ||  2005
       Rpst.: Scimitar   |       |       |       |       |     9 |     2 ||    11

Table legend:
 A = Non-vault XP
 B = Vault XP
 C = Vault XP percentage of total XP
 D = Non-vault monster count
 E = Vault monster count
 F = Vault count percentage of total count
                 A         B        C        D         E       F
            +---------+---------+-------+---------+---------+-------
      Total |   80730 |   61539 |  43.3 |     541 |     375 |  40.9
            +---------+---------+-------+---------+---------+-------
        D:1 |      31 |       9 |  22.5 |      17 |       3 |  15.0
        D:2 |      42 |       6 |  12.5 |      10 |       2 |  16.7
        D:3 |      95 |      39 |  29.1 |      21 |      13 |  38.2
        D:4 |     569 |    1582 |  73.5 |      15 |       6 |  28.6
        D:5 |     501 |       4 |   0.8 |      16 |       1 |   5.9
        D:6 |    1694 |      21 |   1.2 |      39 |       5 |  11.4
        D:7 |     809 |    1516 |  65.2 |      14 |       7 |  33.3
        D:8 |    1220 |     598 |  32.9 |      18 |       1 |   5.3
        D:9 |    2209 |     286 |  11.5 |      28 |      10 |  26.3
       D:10 |    6001 |     729 |  10.8 |      56 |      17 |  23.3
       D:11 |    5111 |    1042 |  16.9 |      32 |       5 |  13.5
       D:12 |    9039 |       0 |   0.0 |      45 |       0 |   0.0
       D:13 |    6250 |     989 |  13.7 |      37 |       2 |   5.1
       D:14 |   15792 |    1096 |   6.5 |      55 |      12 |  17.9
       D:15 |      43 |       0 |   0.0 |       2 |       0 |   0.0
     Lair:1 |    3380 |     731 |  17.8 |      14 |       3 |  17.6
     Lair:2 |    5834 |       0 |   0.0 |      27 |       0 |   0.0
     Lair:3 |    3483 |    2674 |  43.4 |      14 |       5 |  26.3
     Lair:4 |    2139 |     554 |  20.6 |      10 |       3 |  23.1
     Lair:5 |    4371 |    1875 |  30.0 |      14 |       2 |  12.5
     Lair:6 |    9491 |    9240 |  49.3 |      30 |      46 |  60.5
      Orc:1 |    2626 |    2737 |  51.0 |      27 |      15 |  35.7
      Orc:2 |       0 |   25288 | 100.0 |       0 |     148 | 100.0
        Lab |       0 |    2393 | 100.0 |       0 |       4 | 100.0
      Sewer |       0 |     121 | 100.0 |       0 |       6 | 100.0
     Bailey |       0 |    2636 | 100.0 |       0 |      39 | 100.0
      IceCv |       0 |    5373 | 100.0 |       0 |      20 | 100.0
            +---------+---------+-------+---------+---------+-------
